Map: King's Cove LE

Players

RiSky - Winner!

  • Race: Zerg Zerg
  • Spawn Location: 11:00

IndyKNerazim

  • Race: Protoss Protoss
  • Spawn Location: 5:00

Event: 2019 WCS Summer

VOD

Have the link to the VOD?

Description

Time

  • Played on: July 12, 2019, 10:59 a.m.
  • Length: 17:48

All games in this series

Show
View Real Time Build Order
Export as new Build Order

RiSky Zerg - Winner!

Build Orders: Hatch First, Brood Lord Corruptor, Roach Hydra 

Get SALT Encoding   

  12  0:00  Drone  
  13  0:12  Overlord  
  13  0:17  Drone  
  14  0:31  Drone x2  
  16  0:48  Hatchery  
  15  0:52  Drone  
  15  0:56  Drone  
  17  0:59  Drone  
  18  1:10  Extractor  
  17  1:15  Spawning Pool  
  17  1:18  Drone  
  17  1:21  Drone  
  18  1:28  Drone  
  19  1:39  Drone  
  20  1:51  Overlord  
  20  2:01  Queen x2  
  20  2:02  Zergling x2  
  20  2:04  Zergling x2  
  26  2:12  Metabolic Boost  
  26  2:13  Drone  
  27  2:16  Drone  
  27  2:22  Drone  
  29  2:26  Drone  
  30  2:40  Hatchery  
  30  2:42  Drone  
  30  2:46  Drone  
  31  2:51  Queen  
  33  2:58  Overlord  
  33  3:00  Drone  
  33  3:04  Drone x2  
  35  3:16  Overlord  
  35  3:18  Drone x3  
  35  3:19  Drone  
  39  3:20  Drone  
  39  3:25  Drone x2  
  39  3:26  Drone  
  43  3:29  Drone  
  44  3:34  Queen  
  46  3:42  Overlord  
  46  3:46  Drone x3  
  49  3:50  Overlord  
  49  3:51  Drone  
  50  3:56  Spore Crawler  
  50  3:57  Spore Crawler  
  50  3:58  Drone x2  
  50  4:00  Drone  
  50  4:02  Drone x2  
  53  4:09  Zergling x4  
  55  4:11  Queen  
  55  4:16  Lair  
  57  4:20  Zergling x4  
  57  4:21  Drone x2  
  57  4:23  Drone  
  62  4:26  Drone  
  62  4:28  Drone  
  62  4:29  Drone x2  
  66  4:32  Extractor  
  66  4:33  Extractor  
  66  4:34  Drone  
  65  4:38  Roach Warren  
  65  4:39  Drone  
  65  4:40  Drone  
  65  4:43  Spore Crawler  
  65  4:45  Drone  
  66  4:51  Overlord  
  66  4:55  Overlord  
  66  4:56  Overlord  
  66  5:02  Overlord  
  66  5:07  Overlord  
  66  5:08  Evolution Chamber  
  66  5:13  Drone x3  
  68  5:18  Roach  
  68  5:19  Roach x7  
  68  5:20  Glial Reconstitution  
  83  5:23  Roach  
  83  5:25  Roach  
  83  5:27  Roach  
  89  5:29  Roach  
  89  5:34  Roach x2  
  95  5:36  Drone  
  95  5:37  Drone x2  
  98  5:43  Drone x2  
  98  5:47  Overlord  
  98  5:49  Drone  
  101  5:51  Zerg Missile Weapons Level 1, Drone  
  101  5:53  Drone  
  101  5:55  Overlord  
  103  5:57  Drone x2  
  103  6:01  Extractor  
  103  6:02  Extractor x2  
  103  6:03  Hydralisk Den, Drone x2  
  103  6:04  Drone  
  103  6:05  Drone  
  103  6:06  Drone x3  
  108  6:12  Drone x2  
  108  6:13  Drone  
  111  6:18  Roach  
  111  6:19  Roach  
  115  6:27  Hatchery  
  113  6:34  Muscular Augments  
  113  6:37  Infestation Pit  
  112  6:41  Hydralisk x2  
  110  6:54  Drone x2  
  110  6:55  Drone x3  
  110  6:58  Drone x2  
  117  7:04  Drone x2, Baneling Nest  
  118  7:09  Overlord  
  118  7:10  Drone  
  118  7:13  Hydralisk  
  121  7:16  Overlord  
  121  7:19  Overseer  
  121  7:22  Hive  
  121  7:24  Spire  
  120  7:32  Drone  
  120  7:33  Drone x9  
  120  7:35  Drone  
  120  7:36  Drone  
  132  7:39  Drone, Extractor  
  132  7:40  Hydralisk  
  132  7:41  Extractor  
  132  7:44  Hydralisk x2  
  133  7:46  Grooved Spines  
  133  7:49  Centrifical Hooks  
  133  7:51  Hydralisk x2  
  136  7:53  Hydralisk  
  142  7:58  Zerg Melee Weapons Level 1  
  142  8:00  Hydralisk, Drone, Evolution Chamber  
  144  8:06  Overlord  
  144  8:10  Overlord  
  144  8:14  Overlord  
  144  8:21  Overlord  
  144  8:24  Overlord  
  144  8:25  Zergling x16  
  152  8:27  Hatchery  
  152  8:29  Zergling x6  
  152  8:31  Zergling x4  
  152  8:32  Zergling x4  
  158  8:34  Zerg Missile Weapons Level 2  
  158  8:36  Greater Spire  
  158  8:38  Zergling x6  
  158  8:40  Zergling x6  
  164  8:44  Adrenal Glands  
  164  8:46  Overlord  
  164  8:47  Zergling x2  
  164  8:48  Zergling x4  
  163  8:50  Zergling x4  
  163  8:53  Zergling x2  
  165  9:01  Overlord x2  
  159  9:10  Overlord  
  159  9:11  Baneling x6  
  159  9:12  Baneling x23  
  159  9:13  Zergling x2  
  150  9:17  Zergling x6  
  150  9:21  Baneling x10  
  150  9:22  Baneling, Zergling x2  
  152  9:29  Hydralisk x3  
  157  9:32  Hydralisk x2  
  157  9:35  Hydralisk x2  
  157  9:37  Corruptor  
  157  9:46  Corruptor x2  
  157  9:47  Corruptor  
  154  10:05  Zergling x38  
  142  10:15  Zergling x12  
  140  10:21  Zergling x2  
  140  10:22  Zergling x4  
  140  10:27  Baneling  
  140  10:28  Baneling x3  
  140  10:29  Zergling x8  
  140  10:34  Zergling x6  
  134  10:38  Hydralisk  
  134  10:42  Hydralisk x2  
  131  10:46  Hydralisk  
  124  10:50  Hydralisk  
  124  10:53  Brood Lord x2  
  124  10:56  Brood Lord  
  132  10:58  Corruptor x3  
  132  11:01  Corruptor x3  
  132  11:02  Hatchery  
  132  11:03  Overseer  
  143  11:06  Baneling  
  143  11:07  Baneling x3  
  143  11:10  Zergling x6  
  143  11:11  Zergling x2  
  147  11:15  Baneling x11  
  147  11:19  Zergling x6  
  147  11:21  Zergling x4  
  152  11:29  Brood Lord x2  
  156  11:39  Brood Lord  
  158  11:40  Zergling x2  
  159  11:49  Overlord x2  
  159  11:51  Queen  
  159  11:53  Extractor  
  158  11:56  Queen, Extractor, Overlord  
  158  11:57  Overlord x2  
  159  12:07  Brood Lord  
  159  12:08  Brood Lord x2  
  163  12:12  Zergling x12, Spine Crawler x2  
  163  12:13  Spine Crawler  
  166  12:18  Zergling x4  
  166  12:21  Zergling x14  
  175  12:26  Baneling  
  175  12:27  Baneling  
  175  12:31  Zergling x6  
  175  12:35  Zergling x4  
  180  12:37  Zergling x4  
  180  12:38  Zergling x14  
  180  12:40  Baneling  
  180  12:41  Baneling x5  
  189  12:44  Pathogen Glands  
  189  12:46  Baneling  
  189  12:47  Baneling x4  
  189  12:52  Zergling x4  
  189  12:56  Corruptor x2  
  194  12:58  Corruptor  
  194  13:03  Corruptor  
  194  13:04  Corruptor  
  193  13:07  Overseer  
  193  13:11  Corruptor  
  193  13:14  Corruptor  
  193  13:18  Zerg Melee Weapons Level 2  
  194  13:21  Corruptor  
  196  13:30  Lurker Den, Zerg Missile Weapons Level 3  
  194  13:36  Brood Lord  
  194  13:37  Brood Lord x2  
  198  13:44  Baneling  
  198  13:45  Baneling x5  
  198  13:46  Zergling x6  
  199  13:51  Zergling x4  
  194  13:57  Zergling x24  
  194  14:02  Brood Lord  
  191  14:09  Baneling  
  191  14:10  Baneling x13  
  191  14:12  Zergling x8  
  194  14:19  Zergling x10  
  197  14:27  Hatchery  
  197  14:29  Overlord  
  189  14:37  Overlord x2  
  189  14:43  Brood Lord  
  191  14:50  Brood Lord x3  
  197  14:55  Zergling x6  
  199  15:03  Zergling x4  
  196  15:18  Zergling x8  
  200  15:29  Zerg Flyer Weapons Level 1  
  200  15:34  Zerg Ground Armor Level 1  
  199  15:38  Baneling x13  
  194  16:01  Infestor x3  
  194  16:02  Infestor x3  
  198  16:08  Infestor  
  198  16:11  Overseer  
  198  16:20  Baneling x4  
  198  16:38  Infestor  
  200  16:54  Hatchery  
  196  17:00  Zergling x32  
  191  17:08  Queen x4  
  191  17:12  Zergling x2  
  198  17:20  Baneling x4  
Show
View Real Time Build Order
Export as new Build Order

IndyKNerazim Protoss 

Build Orders: 1 Gate Expand, Oracle Opening, Phoenix Opening, Archon Immortal, Archon Drop 

Get SALT Encoding   

  12  0:01  Probe  
  13  0:13  Probe  
  14  0:18  Pylon  
  14  0:24  Probe  
  15  0:32  Probe  
  15  0:40  Probe, Gateway  
  16  0:49  Assimilator  
  17  0:51  Probe  
  18  1:03  Probe  
  19  1:15  Probe  
  20  1:27  Nexus  
  20  1:37  Cybernetics Core  
  20  1:39  Probe  
  21  1:45  Assimilator  
  21  1:51  Probe  
  22  1:58  Pylon  
  22  2:00  Probe  
  22  2:06  Adept  
  23  2:12  Probe  
  26  2:22  Probe  
  26  2:25  Stargate  
  27  2:34  Probe  
  27  2:35  Probe, Adept  
  27  2:36  Warp Gate  
  30  2:43  Probe  
  31  2:47  Probe  
  33  2:51  Pylon  
  33  2:53  Probe  
  34  2:59  Probe  
  36  3:05  Probe  
  36  3:08  Phoenix  
  36  3:11  Probe  
  39  3:17  Probe  
  40  3:23  Probe, Gateway  
  40  3:25  Oracle  
  43  3:29  Probe  
  45  3:35  Probe  
  45  3:37  Assimilator  
  45  3:39  Pylon  
  46  3:42  Probe  
  46  3:44  Assimilator  
  46  3:47  Probe  
  48  3:53  Probe, Robotics Facility  
  49  3:59  Probe  
  49  4:01  Probe  
  49  4:02  Twilight Council  
  50  4:09  Probe  
  51  4:11  Probe  
  51  4:14  Gateway  
  51  4:16  Gateway  
  53  4:20  Probe  
  54  4:26  Probe  
  55  4:31  Warp Prism  
  55  4:36  Pylon  
  55  4:37  Zealot x2  
  59  4:41  Templar Archives  
  61  4:48  Pylon  
  61  4:58  Zealot x2  
  61  4:59  Pylon  
  64  5:02  Probe  
  65  5:15  Pylon, Nexus  
  65  5:17  Probe x2  
  67  5:24  Observer  
  67  5:25  Probe  
  67  5:26  High Templar x4  
  76  5:29  Probe  
  76  5:30  Archon x2  
  76  5:33  Probe  
  76  5:34  Forge  
  78  5:39  Pylon  
  78  5:40  Probe  
  80  5:43  Shield Battery  
  80  5:46  Immortal  
  84  5:58  Probe, Robotics Facility  
  84  6:00  Probe  
  86  6:05  Adept  
  86  6:06  Adept  
  86  6:10  Probe  
  91  6:12  Probe  
  92  6:19  Charge  
  92  6:21  Immortal  
  92  6:22  Probe  
  92  6:24  Probe  
  94  6:31  Probe  
  99  6:34  Probe, Protoss Ground Weapons Level 1  
  100  6:44  Probe  
  100  6:46  Immortal  
  97  6:59  Probe  
  97  7:00  Probe, Immortal, Pylon  
  107  7:01  Probe  
  108  7:09  Assimilator  
  108  7:10  Pylon  
  108  7:11  Probe  
  108  7:13  Assimilator  
  109  7:15  Immortal  
  109  7:17  Probe  
  109  7:21  Psionic Storm  
  110  7:23  Probe x2  
  110  7:26  Pylon  
  110  7:27  High Templar  
  118  7:38  Gateway  
  118  7:39  Immortal  
  118  7:40  Gateway  
  122  7:44  Immortal  
  126  7:58  Pylon  
  126  8:00  High Templar  
  128  8:17  High Templar x2  
  128  8:18  Immortal  
  128  8:19  Zealot  
  138  8:23  Immortal  
  142  8:32  Gateway  
  142  8:33  Gateway  
  142  8:34  Gateway  
  142  8:35  High Templar, Gateway  
  142  8:36  Pylon x2  
  142  8:37  Pylon  
  142  8:38  Photon Cannon, Zealot  
  146  8:48  Immortal  
  146  8:53  Immortal  
  146  8:54  High Templar x2  
  158  9:06  Nexus  
  158  9:12  Protoss Ground Weapons Level 2  
  158  9:13  Zealot x4  
  166  9:31  High Templar x2  
  170  9:32  Probe x2  
  172  9:39  Pylon  
  172  9:43  Pylon  
  172  9:57  Immortal  
  168  10:02  Zealot x4  
  168  10:03  Zealot x3  
  168  10:05  Zealot x3  
  153  10:15  Immortal  
  153  10:24  Stalker x5  
  157  10:31  Immortal  
  149  10:35  Archon  
  135  10:51  High Templar x4  
  135  10:52  Blink  
  135  10:53  Probe x3  
  135  10:54  Stalker x5  
  135  10:55  Immortal  
  158  11:05  Observer  
  158  11:09  Probe  
  158  11:10  Probe, Pylon  
  161  11:27  Observer  
  161  11:28  Probe x2  
  161  11:29  Probe  
  161  11:31  Stalker x4  
  161  11:32  Stalker x2  
  174  11:35  Probe, Assimilator  
  174  11:39  Assimilator  
  175  11:40  Probe  
  175  11:41  Zealot x3  
  175  11:43  Probe  
  175  11:45  High Templar  
  185  11:57  Zealot  
  185  11:58  Stalker x5  
  197  12:19  Stalker  
  197  12:20  Stalker  
  197  12:22  Gateway  
  195  12:31  Warp Prism  
  187  12:41  Stalker x5  
  187  12:42  Stalker x2  
  197  13:00  Zealot  
  197  13:01  Nexus  
  197  13:03  Pylon  
  197  13:21  Stalker  
  197  13:26  Gateway  
  199  13:29  Gateway  
  199  13:32  Pylon  
  197  13:42  Stalker  
  197  13:45  Stalker x2  
  197  13:47  Stalker  
  197  13:48  Stalker x5  
  199  13:51  Stalker x2  
  179  14:05  Stalker  
  179  14:07  Immortal  
  177  14:12  Stalker x8  
  189  14:19  Stalker x2  
  179  14:30  Stalker  
  179  14:31  Stalker x2  
  177  14:34  Probe x2  
  173  14:42  Probe  
  174  14:45  High Templar x2  
  174  14:46  High Templar x3  
  174  14:50  Assimilator  
  174  14:51  High Templar x4  
  192  14:55  Stalker x3, Assimilator  
  192  14:57  Archon  
  192  14:58  Archon  
  198  15:03  Zealot  
  198  15:06  Nexus  
  180  15:07  Probe  
  180  15:13  Probe  
  175  15:22  Zealot  
  175  15:23  Zealot x2  
  175  15:25  Stalker x3  
  181  15:35  Fleet Beacon  
  177  15:44  Probe  
  177  15:46  Photon Cannon  
  177  15:49  Probe  
  173  16:09  Probe x2, Tempest  
  173  16:10  Probe  
  164  16:23  Stargate  
  169  16:31  High Templar x7  
  183  16:35  Archon x3  
  183  16:37  High Templar  
  185  16:45  Zealot x3  
  191  16:52  Zealot x2  
  150  17:02  Tempest  
  150  17:05  Probe  
  150  17:07  Probe  
  153  17:17  Probe  
  153  17:20  Probe x3  
Tags
 
Add a new tag
Caveats
  • Supply blocks, unpowered buildings, or Contaminate may cause inaccurate times.
  • Supply counts are checked every 10 seconds.